 Dungeon Crawl Stone Soup version 0.31-a0-675-g238779eb0a (webtiles) character file.

Game seed: 10163542150540444927

121 qw the Shooter (level 5, -6/32 HPs)
             Began as a Gargoyle Hunter on Sept 5, 2023.
             Mangled by Menkaure (10 damage)
             ... on level 4 of the Dungeon.
             The game lasted 00:01:01 (2495 turns).

qw the Shooter (Gargoyle Hunter)                    Turns: 2495, Time: 00:01:01

Health: -6/32      AC: 11    Str: 15    XL:     5   Next: 5%
Magic:  5/5        EV: 12    Int:  9    God:
Gold:   142        SH:  0    Dex: 15    Spells: 4/4 levels left

rFire   . . .        Y - +0 shortbow
rCold   + . .        (shield currently unavailable)
rNeg    + . .        b - +1 robe {rC+}
rPois   inf          (no helmet)
rElec   +            (no cloak)
rCorr   .            (no gloves)
SInv    .            (no boots)
Will    .....        (no amulet)
Stlth   ++           i - +4 ring of protection
HPRegen 0.25/turn    (no ring)
MPRegen 0.09/turn

%: no passive effects
@: no status effects
A: sickness immunity, AC +4, negative energy resistance 1, electricity
resistance, torment resistance 1, petrification resistance
a: no special abilities


You were on level 4 of the Dungeon.
You visited 1 branch of the dungeon, and saw 4 of its levels.

You collected 142 gold pieces.


Innate Abilities, Weirdness & Mutations

You are immune to sickness and miasma.
Your stone body is resilient. (AC +4)
You are immune to poison.
You resist negative energy. (rN+)
You are resistant to electric shocks. (rElec)
You are resistant to unholy torment.
You are immune to petrification.


   Skills:
 - Level 3.0 Fighting
 + Level 5.7 Ranged Weapons
 - Level 1.0 Armour
 - Level 1.5 Dodging
 - Level 1.1 Stealth


You had 4 spell levels left.
You didn't know any spells.
Your spell library was empty.

Inventory:

Hand Weapons
 Y - a +0 shortbow (weapon)
Armour
 b - a +1 robe of cold resistance (worn)
 h - a +0 ring mail
Jewellery
 e - a ring of ice
 i - a +4 ring of protection (left hand)
Scrolls
 a - a scroll of identify
 c - a scroll of blinking {unknown}
Potions
 d - a potion of invisibility {unknown}
 f - 2 potions of enlightenment
 g - 3 potions of curing
 j - a potion of degeneration {unknown}
 k - a potion of lignification {unknown}

Dungeon Overview and Level Annotations

Branches:
Dungeon (4/15)
 Temple: D:4-7

Altars:
Makhleb

Annotations:
D:4 Menkaure


Message History

Found a stone staircase leading up.
Enter note:
Enter note:
Enter note:
Found a mace.
Enter note:
c - a scroll labelled NUSAET EPUE
Found a chain mail and 4 stones.
Menkaure, Prince of Dust comes into view.
Found a scale mail.
Menkaure shouts!
Menkaure casts a spell.
Menkaure seems to speed up.
Enter note:
Enter note: You shoot an arrow.
The arrow barely misses Menkaure.
You shoot an arrow. The arrow hits Menkaure.
Menkaure is moderately damaged.
Menkaure's bandages flutter.
You shoot an arrow.
The arrow hits Menkaure but does no damage.
Menkaure is moderately damaged.
Menkaure hits you.
You shoot an arrow. The arrow hits Menkaure.
Menkaure is heavily damaged.
Menkaure hits you!
You shoot an arrow. The arrow barely misses Menkaure.
Menkaure closely misses you. Menkaure hits you.
You shoot an arrow. The arrow hits Menkaure.
Menkaure is heavily damaged.
Menkaure hits you but does no damage.
You shoot an arrow. The arrow barely misses Menkaure.
Menkaure calls on the powers of darkness!
Your body is wracked with pain!
You shoot an arrow.
The arrow hits Menkaure but does no damage.
Menkaure is heavily damaged.
Menkaure gestures at you while chanting.
Pain shoots through your body! Menkaure hits you!
You die...

#..#..#.#.#................
#.......#.#.........#..##..
##.#..###............ #..
#.#..# ###..#...## ..#..
#.#.)#####..#...[. ...#.#
#.#............... .......
#.#............... ..#.#..
########..#.##.# .#.#..
[......@..#.# #.# .....
####....M.#.# ...#.#..
#.##...# .#.#.#.# # ......
........ ###..... ..#....
...#.## ####...) #..#..
........ ... .. #####.#.
######+#.


You could see Menkaure (fast).

Vanquished Creatures
  A sleepcap (D:3)
  An adder (D:2)
  2 worms
  A dart slug (D:2)
  2 orcs
  11 ball pythons
  3 endoplasms
  8 giant cockroaches
  9 goblins
  A hobgoblin (D:4)
  4 jackals (D:3)
  4 kobolds
  4 quokkas
  9 bats
  5 frilled lizards
  6 rats
71 creatures vanquished.

Notes
Turn   | Place    | Note
-------+----------+-------------------------------------------
     0 | D:1      | qw the Gargoyle Hunter began the quest for the Orb.
     0 | D:1      | Reached XP level 1. HP: 12/12 MP: 1/1
     0 | D:1      | 0 ||| qw: Version: 0.3-a-75-g829b12e
     0 | D:1      | 0 ||| qw: Game counter: 144
     0 | D:1      | 0 ||| qw: Melee chars always use a shield: true
     0 | D:1      | 0 ||| qw: God list: Okawaru
     0 | D:1      | 0 ||| qw: Allow faded altars: false
     0 | D:1      | 0 ||| qw: Do Orc after clearing Dungeon:15 true
     0 | D:1      | 0 ||| qw: Do second Lair branch before Depths: true
     0 | D:1      | 0 ||| qw: Lair rune preference: random
     0 | D:1      | 0 ||| qw: Goals: Normal
     0 | D:1      | 0 ||| PLANNING D:1-11
   137 | D:1      | Reached XP level 2. HP: 17/17 MP: 2/2
   411 | D:1      | Reached XP level 3. HP: 21/21 MP: 3/3
   473 | D:1      | Reached skill level 5 in Ranged Weapons
   659 | D:1      | 659 ||| DROPPING scroll of butterflies.
   811 | D:2      | Reached skill level 3 in Fighting
  1170 | D:2      | Reached XP level 4. HP: 28/28 MP: 4/4
  1175 | D:2      | Found a burning altar of Makhleb.
  1550 | D:2      | 1550 ||| UPGRADING to +0 ring mail.
  1560 | D:2      | 1560 ||| DROPPING +0 leather armour.
  1561 | D:2      | 1561 ||| UPGRADING to +4 ring of protection.
  1562 | D:2      | 1562 ||| READING 2 scrolls labelled XOIRGH KEKHLOMY.
  1563 | D:2      | 1563 ||| READING scroll labelled SUIRIN GIFAFO.
  1566 | D:2      | 1566 ||| DRINKING 3 coppery potions.
  1567 | D:2      | 1567 ||| DRINKING 2 fizzy inky potions.
  1763 | D:3      | Reached skill level 1 in Armour
  2075 | D:3      | Reached XP level 5. HP: 32/32 MP: 5/5
  2290 | D:3      | 2290 ||| UPGRADING to +1 robe of cold resistance.
  2300 | D:3      | 2300 ||| READING scroll labelled URYAZAI FOANNA.
  2487 | D:4      | Noticed Menkaure
  2495 | D:4      | HP: 4/32 [Menkaure/nerve-wracking pain (7)]
  2495 | D:4      | Mangled by Menkaure

Levels and vault maps discovered:
D:1:      grunt_arrival_lava_bath, layout_loops_cross, minmay_worlds_worst_comb
D:2:      layout_loops_corners, basic_altar, minmay_tetromino_o4
D:3:      layout_loops_ring, nicolae_figureground_sparkle
D:4:      layout_basic, minivault_11, uniq_menkaure

Skill      XL: |  1  2  3  4 |
---------------+-------------+-----
Ranged Weapons | 5 |  5.7
Fighting       | 3 |  3.0
Armour         | 1 |  1.0
Dodging        | |  1.5
Stealth        | |  1.1

Action                     |  1- 3 |  4- 6 || total
---------------------------+-------+-------++-------
   Fire: Shortbow          |   138 |   127 ||   265
    Use: Scroll            |       |     3 ||     3
         Potion            |       |     2 ||     2
 Armour: Leather armour    |    39 |     5 ||    44
         Ring mail         |       |    30 ||    30
         Robe              |       |     5 ||     5
  Dodge: Dodged            |    45 |    48 ||    93

Table legend:
 A = Non-vault XP
 B = Vault XP
 C = Vault XP percentage of total XP
 D = Non-vault monster count
 E = Vault monster count
 F = Vault count percentage of total count
                 A         B        C        D         E       F
            +---------+---------+-------+---------+---------+-------
      Total |     156 |      18 |  10.3 |      62 |       9 |  12.7
            +---------+---------+-------+---------+---------+-------
        D:1 |      36 |      12 |  25.0 |      24 |       6 |  20.0
        D:2 |      37 |       6 |  14.0 |      15 |       3 |  16.7
        D:3 |      75 |       0 |   0.0 |      19 |       0 |   0.0
        D:4 |       8 |       0 |   0.0 |       4 |       0 |   0.0
            +---------+---------+-------+---------+---------+-------
